 Dungeon Crawl Stone Soup version 0.18.1-6-gd335043 (webtiles) character file.

18 namelastname112 the Caller (level 2, 0/34 HPs)
             Began as a Draconian Summoner on May 19, 2016.
             Succumbed to an adder's poison
             ... on level 2 of the Dungeon.
             The game lasted 00:01:37 (1104 turns).

namelastname112 the Caller (Draconian Summoner)     Turns: 1104, Time: 00:01:38

Health: 0/34       AC: 21    Str: 10    XL:     2   Next: 48%
Magic:  5/5        EV:  2    Int: 15    God:
Gold:   46         SH:  0    Dex: 16    Spells: 2 memorised, 2 levels left

rFire  . . .     SeeInvis .     f - +0 dagger
rCold  . . .     Gourm    .     (armour unavailable)
rNeg   + + +     Faith    .     (no shield)
rPois  +         Spirit   .     (helmet currently unavailable)
rElec  .         Dismiss  .     (cloak currently unavailable)
rCorr  .         Reflect  .     (gloves currently unavailable)
SustAt .         Harm     .     (boots currently unavailable)
MR     .....     NoTele   +     (no amulet)
Stlth  +++.......               (no ring)
                                (no ring)

@: agile, lethally poisoned (0 -> -4), tree-form, not resistant to hostile
enchantments, fairly stealthy
A: unfitting armour, (cold-blooded), AC +4
a: no special abilities


You were on level 2 of the Dungeon.
You were hungry.
You were a tree.
You visited 1 branch of the dungeon, and saw 2 of its levels.

You collected 46 gold pieces.

Inventory:

Hand Weapons
 f - a +0 dagger (weapon)
Scrolls
 c - a scroll of fog {unknown}
 h - 2 scrolls of remove curse {unknown}
 i - 2 scrolls of identify {unknown}
 j - a scroll of enchant weapon {unknown}
Potions
 d - a potion of might {unknown}
Books
 a - a book of Callings

   Spells                             Type                      Level
   a - Summon Small Mammal            Summoning                    1
   b - Call Imp                       Summoning                    2
   c - Call Canine Familiar           Summoning                    3
   d - Summon Guardian Golem          Hexes/Summoning              3
   e - Summon Lightning Spire         Summoning/Air                4
   f - Summon Ice Beast               Ice/Summoning                4
Comestibles
 b - 3 bread rations
 k - a beef jerky


   Skills:
 + Level 1.0 Fighting
 + Level 2.0 Dodging
 - Level 1.7 Stealth
 + Level 2.2 Spellcasting
 * Level 4.2 Summonings


You had 2 spell levels left.
You knew the following spells:

 Your Spells              Type           Power        Failure   Level  Hunger
a - Call Imp              Summ           ##......     8%          2    ###....
z - Summon Small Mammal   Summ           ##..         4%          1    #......


Dungeon Overview and Level Annotations

Branches:
Dungeon (2/15)

Altars:
The Shining One


Innate Abilities, Weirdness & Mutations

((Your plain brown scales are hard (AC +4).))
Your body does not fit into most forms of armour.
((You are cold-blooded and may be slowed by cold attacks.))


Message History

You are poisoned.
The adder poisons you! The worm bites you. The adder closely misses you.
You hit the worm but do no damage.
The worm is moderately wounded.
You feel sick. The adder closely misses you. The worm bites you!
* * * LOW HITPOINT WARNING * * *
You are too injured to fight recklessly!
You take 22 damage, and have 1/23 hp.
MASSIVE DAMAGE!!
You are too injured to fight recklessly!
You are too injured to fight recklessly!
You are too injured to fight recklessly!
You are too injured to fight recklessly!
Drink which item? (? for menu, Esc to quit)
It was a potion of agility.
You feel agile all of a sudden. The adder closely misses you.
Drink which item? (? for menu, Esc to quit)
It was a potion of lignification.
You turn into a tree.
Your roots penetrate the ground.
You die...

. ... ........<<#.# #
#.# #..#......#.#.#. #
#.# #..#...........
###'###.##.#.#....#.
..'_'...........#..
#######.##?#.#..#.# ###.
# ### #...†.....#.#.....
# ### #..#.#....S.......
.........#......♣w......
#####....#.#.##†..$...##
# ###.##.............. .
..............##.# #
................. # #
#....$...[.....#.
################ #


You could see a worm and an adder.

Vanquished Creatures
  A giant gecko (D:2)
  A bat (D:1)
  A giant cockroach (D:1)
  3 goblins (D:1)
  A hobgoblin (D:1)
  4 kobolds (D:1)
  A giant newt (D:1)
  4 rats
16 creatures vanquished.

Notes
Turn   | Place    | Note
--------------------------------------------------------------
     0 | D:1      | namelastname112 the Draconian Summoner began the quest for the Orb.
     0 | D:1      | Reached XP level 1. HP: 14/14 MP: 3/3
   547 | D:1      | Reached XP level 2. HP: 19/20 MP: 5/5
   581 | D:1      | Learned a level 2 spell: Call Imp
  1068 | D:2      | Found a glowing golden altar of the Shining One.
  1086 | D:2      | Reached skill level 1 in Fighting
  1102 | D:2      | HP: 1/23 [worm (11)]
  1104 | D:2      | Succumbed to an adder's poison

Skill      XL: |  1  2 |
---------------+-------+-----
Fighting       | 1 |  1.0
Dodging        | 2 |  2.0
Stealth        | |  1.7
Spellcasting   | |  2.2
Summonings     | |  4.2

Action                   || total
-------------------------++-------
Melee: Unarmed           ||    22
       Dagger            ||    53
       Tailslap          ||     5
  Use: Potion            ||     2
 Stab: Sleeping          ||     2
Armor: Skin              ||    16
Dodge: Dodged            ||    39
